 Dungeon Sprint DCSS version 0.28-a0-268-g3f656e82c2 (webtiles) character file.

Game seed: 6315193669790074818

40170 Ankalagon the Fetichist (level 13, 0/136 HPs)
             Began as a Deep Dwarf Fighter on Aug 29, 2021.
             Was the Champion of Makhleb.
             Killed from afar by Nikola (41 damage)
             ... with an arc of chain lightning
             ... in the Dungeon (Sprint V: "Ziggurat Sprint").
             The game lasted 00:11:48 (1066 turns).

Ankalagon the Fetichist (Deep Dwarf Fighter)        Turns: 1066, Time: 00:11:49

Health: 0/136      AC: 35    Str: 29    XL:     13   Next: 73%
Magic:  33/33 (24) EV: 10    Int:  4    God:    Makhleb [******]
Gold:   0          SH: 33    Dex: 22    Spells: 12/12 levels left

rFire   + . .      SeeInvis .   M - +9 sword of Zonguldrok {reap}
rCold   + . .      Faith    .   J - +18 shield of the Gong {rElec rN+ Will+ EV-5}
rNeg    + . .      Spirit   .   D - +5 gold dragon scales
rPois   +          Reflect  .   u - +2 hat
rElec   +          Harm     .   (no cloak)
rCorr   .          Rampage  .   c - +3 pair of gauntlets of War {Slay+5}
Will    +++..      NoTele   +   V - +1 pair of boots {Fly}
Stlth   ..........              (no amulet)
HPRegen 0.00/turn               t - ring of the Endless Expanse {Fly rElec Will+ Int-3 Dex+4}
MPRegen 0.23/turn               j - ring "Watuib" {MP+9 Str+4 Dex+6}

@: flying
A: damage resistance, heal wounds, sense surroundings 2, no regeneration, dopey
1, mutation resistance 1, screaming 1
a: Heal Wounds, Renounce Religion, Minor Destruction, Lesser Servant of Makhleb,
Major Destruction, Greater Servant of Makhleb


You were in the Dungeon.
You worshipped Makhleb.
Makhleb was exalted by your worship.
You visited 1 branch

Inventory:

Hand Weapons
 K - the +7 Singing Sword {vorpal, sonic wave}
   (You found it in the Dungeon)

   It inflicts extra damage upon your enemies.
   It radiates damaging sonic waves as it strikes, especially in combat
   involving dangerous or numerous foes.
 L - the +5 sword of Power {vorpal}
   (You found it in the Dungeon)

   It inflicts extra damage upon your enemies.
   It occasionally discharges a powerful but inaccurate bolt of energy upon
   striking a foe, with increased chance the greater the wielder's current
   health.
 M - the +9 sword of Zonguldrok (weapon) {reap}
   (You found it in the Dungeon)

   Any living foe damaged by it may be reanimated upon death as a zombie
   friendly to the wielder, with an increasing chance as more damage is dealt.
 S - the +8 longbow "Zephyr" {speed, Dex+3 SInv}
   (You found it in the Dungeon)

   Attacks with this weapon are significantly faster.
   Dex:       It affects your dexterity (+3).
   SInv:      It lets you see invisible.
Missiles
 O - 3 throwing nets
Armour
 a - the +5 kite shield "Hivudoh" {Dex+7}
   (You found it in the Dungeon)

   Dex:       It affects your dexterity (+7).
 c - the +3 pair of gauntlets of War (worn) {Slay+5}
   (You found it in the Dungeon)

   Slay:      It affects your accuracy & damage with ranged weapons and melee
   (+5).
 u - a +2 hat (worn)
 z - +5 fire dragon scales
 A - +5 ice dragon scales
 B - +5 storm dragon scales
 C - +5 shadow dragon scales
 D - +5 gold dragon scales (worn)
 E - a +5 crystal plate armour
 F - a +5 plate armour
 H - a +3 tower shield
 J - the +18 shield of the Gong (worn) {rElec rN+ Will+ EV-5}
   (You found it in the Dungeon)

   It is deafeningly noisy when blocking attacks.
   EV:        It affects your evasion (-5).
   rElec:     It insulates you from electricity.
   rN:        It protects you from negative energy.
   Will:      It increases your willpower.
 V - a +1 pair of boots of flying (worn)
Jewellery
 j - the ring "Watuib" (right hand) {MP+9 Str+4 Dex+6}
   (You found it in the Dungeon)

   [ring of magical power]

   Str:       It affects your strength (+4).
   Dex:       It affects your dexterity (+6).
   MP:        It affects your magic capacity (+9).
 r - a ring of flight
 t - the ring of the Endless Expanse (left hand) {Fly rElec Will+ Int-3 Dex+4}
   (You found it in the Dungeon)

   [ring of flight]

   Int:       It affects your intelligence (-3).
   Dex:       It affects your dexterity (+4).
   rElec:     It insulates you from electricity.
   Fly:       It grants you flight.
   Will:      It increases your willpower.
 w - a +6 ring of strength
 I - an amulet of guardian spirit
 N - a +4 ring of protection
 P - the necklace of Bloodlust {*Rage +Rage Will++ Int-3 Slay+6}
   (You found it in the Dungeon)

   [amulet of nothing]

   It extends the wearer's berserk rage when killing foes.
   Int:       It affects your intelligence (-3).
   Slay:      It affects your accuracy & damage with ranged weapons and melee
   (+6).
   +Rage:     It lets you go berserk.
   *Rage:     It may make you go berserk in combat.
   Will:      It greatly increases your willpower.
 U - a ring of see invisible
 Z - an amulet of the acrobat
Wands
 o - a wand of mindburst (7)
 p - a wand of iceblast (6)
 q - a wand of acid (7)
Potions
 d - 6 potions of might
 e - 10 potions of curing
 f - a potion of heal wounds
 g - 18 potions of haste
 h - 7 potions of magic
 i - 3 potions of berserk rage
 k - 2 potions of brilliance
 l - 2 potions of invisibility
 m - 4 potions of resistance
Miscellaneous
 b - a box of beasts
 n - a condenser vane
 s - a tin of tremorstones (2/2)
 v - a phantom mirror
 y - a lightning rod (4/4) (quivered)
 G - a phantom mirror
 Q - a box of beasts
 R - a phantom mirror
 T - a phial of floods
 W - a piece from Xom's chessboard (15/15)
 Y - a tin of tremorstones (2/2)


   Skills:
 + Level 14.3 Fighting
 + Level 15.3 Long Blades
 + Level 16.2 Armour
 + Level 15.2 Dodging
 - Level 15.0 Shields
 + Level 15.4 Invocations
 + Level 18.1 Evocations


You had 12 spell levels left.
You didn't know any spells.
Your spell library contained the following spells:

 Spells                   Type           Power      Damage    Failure   Level
 Animate Skeleton         Necr           0%         N/A       100%        1
 Pain                     Necr           0%         1d4       100%        1
 Ensorcelled Hibernation  Hex/Ice        0%         N/A       100%        2
 Poisonous Vapours        Pois/Air       0%         N/A       100%        2
 Slow                     Hex            0%         N/A       100%        2
 Confusing Touch          Hex            0%         N/A       100%        3
 Frozen Ramparts          Ice            0%         1d2       100%        3
 Portal Projectile        Hex/Tloc       0%         N/A       100%        3
 Summon Guardian Golem    Hex/Summ       0%         N/A       100%        3
 Animate Dead             Necr           0%         N/A       100%        4
 Cause Fear               Hex            0%         N/A       100%        4
 Dispel Undead            Necr           0%         3d6       100%        4
 Fulminant Prism          Conj/Hex       0%         3d6       100%        4
 Ice Form                 Ice/Tmut       0%         N/A       100%        4
 Summon Ice Beast         Ice/Summ       0%         N/A       100%        4
 Agony                    Necr           0%         N/A       100%        5
 Excruciating Wounds      Necr           0%         N/A       100%        5
 Fireball                 Conj/Fire      0%         3d3       100%        5
 Freezing Cloud           Conj/Ice/Air   0%         6-21      100%        5
 Iskenderun's Battlesphe  Conj           0%         2d6       100%        5
 Summon Mana Viper        Hex/Summ       0%         N/A       100%        5
 Yara's Violent Unravell  Hex/Tmut       0%         3d3       100%        5
 Conjure Ball Lightning   Conj/Air       0%         3x3d6     100%        6
 Simulacrum               Ice/Necr       0%         N/A       100%        6
 Haunt                    Necr/Summ      0%         N/A       100%        7
 Monstrous Menagerie      Summ           0%         N/A       100%        7
 Orb of Destruction       Conj           0%         N/A       100%        7
 Summon Hydra             Summ           0%         N/A       100%        7
 Discord                  Hex            0%         N/A       100%        8
 Disjunction              Tloc           0%         N/A       100%        8
 Infestation              Necr           0%         N/A       100%        8
 Death's Door             Necr           0%         N/A       100%        9
 Polar Vortex             Ice            0%         N/A       100%        9


Dungeon Overview and Level Annotations

Branches:
Dungeon (1/1)

Altars:
Ashenzari
Cheibriados
Dithmenos
Elyvilon
Fedhas
Gozag
Hepliaklqana
Kikubaaqudgha
Makhleb
Nemelex Xobeh
Okawaru
Qazlal
Ru
Sif Muna
Trog
Uskayaw
Vehumet
Wu Jian
Xom
Yredelemnul
Zin
The Shining One
Beogh
Jiyva
Lugonu

Annotations:
D 1 transporter, Harold, Ijyb, Nikola, Psyche, Rupert


Innate Abilities, Weirdness & Mutations

You are resistant to damage.
You can heal yourself by infusing magical energy.
You passively map the area around you.
You do not regenerate.
You are dopey. (Int -2)
You are somewhat resistant to further mutation.
You occasionally shout uncontrollably at your foes.


Message History

Your Executioner hits Donald but does no damage.
Your Executioner completely misses Donald.
Donald hits your Executioner with a +0 scimitar of holy wrath!!
Your Executioner convulses!!
Ijyb the Twisted Goblin comes into view.
She is wielding a staff of conjuration and carrying a wand of polymorph (10).
Unknown command.
You slice Donald!!
You kill Donald!
Makhleb accepts your kill.
Your Executioner hits Erolcha! Your Executioner hits Erolcha. x2
Harold the Weathered comes into view.
He is wielding a +2 morningstar of holy wrath and wearing the amulet "Ommie" {RegenMP Harm rC+ Dex+2}.
Psyche casts a spell.
A swirling arc of seething chaos appears!
The arc of chaos hits Duvessa but does no damage.
Duvessa is drained!
The arc of chaos hits Ijyb.
Ijyb goes berserk!
Nikola mumbles some strange words.
Lightning arcs from Nikola's hands!
The bolt of lightning hits Menkaure!!!!
Menkaure is destroyed!
A bolt of lightning appears from out of thin air!
The bolt of lightning hits Nikola!
The bolt of lightning hits Rupert!!!
The bolt of lightning hits Erolcha!!
Erolcha dies!
The bolt of lightning hits your Executioner!!!
Your Executioner resists.
Your Executioner dies!
The bolt of lightning hits you! You resist.
The bolt of lightning hits Grum!!!
Grum dies!
The bolt of lightning hits Psyche!
The bolt of lightning hits Ijyb!
The bolt of lightning hits Duvessa!!
Duvessa dies!
The bolt of lightning hits Harold!!
Rupert shouts!
Unknown command.
Unknown command.
Found a transporter.
Nikola shouts!
Nikola mumbles some strange words.
Lightning arcs from Nikola's hands!
The bolt of lightning hits you!!! You resist.
You die...

▓▓▓▓▓▓▓▓▓▓▓▓▓▓▓..}.})[)[..▓.▓.
, 8©8.....▓.....=)}[..▓... ,
.)=||:..▓...........▓▓▓▓ , ,
)@))})..▓...........▓... , *
........▓...........▓..[ ,, ,
,,)g.@....▓...........▓... ,,
▓.........@...▓...........▓...
,
▓........)...@▓..▓....†▓†.▓...
,▓...........†@▓.......†.†.▓...
▓.........).).▓.....©.....▓...
▓..▓.......▓..▓▓▓▓▓▓▓▓▓▓▓▓▓.▓.
▓.............▓....8©8....▓...
▓.............▓..})|})))..▓▓▓▓
,
▓......©......▓...?[[))...▓...
*
,▓▓▓▓▓▓▓▓▓▓▓▓▓▓▓...........▓...
, , , ▓...........▓... , ,
,▓...........▓...


You could see Nikola, Rupert, Harold, Psyche and Ijyb (berserk).

Vanquished Creatures
  Donald (D)
  A ghost moth (D)
  An emperor scorpion (D)
  5 reapers (D)
  A stone giant (D)
  4 entropy weavers (D)
  10 vault guards (D)
  A boulder beetle (D)
  A hell hog (D)
  2 skeletal warriors (D)
  2 shining eyes (D)
  4 wolf spiders (D)
  4 orb spiders (D)
  4 ugly things (D)
  A rust devil (D)
  A torpor snail (D)
  2 cane toads (D)
  A komodo dragon (shapeshifter) (D)
  2 tormentors (D)
  A demonic crawler (D)
  2 ice devils (D)
  3 red devils (D)
  4 merfolk (D)
  A wind drake (shapeshifter) (D)
  3 jumping spiders (D)
  A polar bear (shapeshifter) (D)
  Prince Ribbit (D)
  7 hornets (D)
  A flying skull (D)
  3 shadows (D)
  7 spriggans (D)
  A spriggan (shapeshifter) (D)
  4 redbacks (D)
  A yak (shapeshifter) (D)
  3 wraiths (D)
  2 tarantellas (D)
  6 neqoxecs (D)
  An acid dragon (shapeshifter) (D)
  3 hell hounds (D)
  A water moccasin (D)
  2 black bears (D)
  5 wolves (D)
  Blork the orc (D)
  A bullfrog (D)
  3 scorpions (D)
  2 crimson imps (D)
  4 iron imps (D)
  An iguana (D)
  2 ufetubi (D)
  A bat zombie (D)
  3 jackals (D)
  A ball python skeleton (D)
  A ball python zombie (D)
  A quokka zombie (D)
132 creatures vanquished.

Vanquished Creatures (collateral kills)
  Sonja (D)
  A shadow (D)
  Purgy (D)
  Jessica (D)
4 creatures vanquished.

Vanquished Creatures (others)
  Erolcha (D)
  A shadow (D)
  A golden eye (shapeshifter) (D)
  Grum (D)
  Menkaure (D)
  Duvessa (D)
6 creatures vanquished.

Grand Total: 142 creatures vanquished

Notes
Turn   | Place    | Note
-------+----------+-------------------------------------------
     0 | D        | Ankalagon the Deep Dwarf Fighter began the quest for the
                  | Orb.
     0 | D        | Reached XP level 1. HP: 20/20 MP: 1/1
     0 | D        | Found a shimmering blue altar of Sif Muna.
     0 | D        | Found a sacrificial altar of Ru.
     0 | D        | Found a bloodstained altar of Trog.
     0 | D        | Found a stormy altar of Qazlal.
     0 | D        | Found an iron altar of Okawaru.
     0 | D        | Found a sparkling altar of Nemelex Xobeh.
     0 | D        | Found a blossoming altar of Fedhas.
     0 | D        | Found the +6 Majin-Bo {vamp, MP+6 Int+6}
     0 | D        | Found the +9 heavy crossbow "Sniper" {vorpal, Acc+∞ SInv}
     0 | D        | Found the +10 dark maul {vorpal}
     0 | D        | Found the +15 Maxwell's patent armour {-Cast -Tele rElec
                  | Will+ rCorr}
     0 | D        | Found the +18 shield of the Gong {rElec rN+ Will+ EV-5}
     0 | D        | Found the +14 obsidian axe {vorpal, Drain Fly SInv}
     0 | D        | Found the +7 great mace "Firestarter" {inner flame, rF++}
     0 | D        | Found the +6 shillelagh "Devastator" {shatter}
     0 | D        | Found the +11 plutonium sword {Contam Stlth-}
     0 | D        | Found the +8 lance "Wyrmbane" {slay drac, rPois rF+ rC+
                  | AC+3}
     0 | D        | Found the +9 sword of Zonguldrok {reap}
     0 | D        | Found the +13 scythe of Curses {drain, Drain}
     0 | D        | Found the +5 sword of Power {vorpal}
     0 | D        | Found the +7 mace of Variability {chain chaos}
     0 | D        | Found the +7 Singing Sword {vorpal, sonic wave}
     0 | D        | Found the +8 storm bow {elec, penet}
     6 | D        | Found a corrupted altar of Lugonu.
     6 | D        | Found an ancient bone altar of Kikubaaqudgha.
     6 | D        | Found a burning altar of Makhleb.
     6 | D        | Found a transporter.
     6 | D        | Found a viscous altar of Jiyva.
     6 | D        | Found a hazy altar of Hepliaklqana.
    12 | D        | Banished a spatial maelstrom
    14 | D        | Found an opulent altar of Gozag.
    36 | D        | Reached skill level 5 in Shields
    36 | D        | Reached skill level 4 in Evocations
    36 | D        | Reached XP level 2. HP: 30/30 MP: 2/2
    43 | D        | Became a worshipper of Makhleb the Destroyer
    71 | D        | Entered arena 2.
    71 | D        | Found a transporter.
    75 | D        | Reached XP level 3. HP: 37/37 MP: 3/3
    97 | D        | Entered arena 3.
    97 | D        | Noticed a bullfrog
    97 | D        | Noticed a golden eye
    97 | D        | Noticed a swamp drake
    97 | D        | Found a transporter.
   101 | D        | Noticed a spriggan
   101 | D        | a bullfrog changed into a spriggan
   109 | D        | Killed a golden eye
   114 | D        | Noticed an acid dragon
   114 | D        | a swamp drake changed into an acid dragon
   116 | D        | Killed a spriggan
   116 | D        | Reached * piety under Makhleb
   116 | D        | Killed an acid dragon
   117 | D        | Reached XP level 4. HP: 34/49 MP: 4/4
   117 | D        | Reached XP level 5. HP: 39/56 MP: 5/5
   230 | D        | Entered arena 4.
   230 | D        | Found a transporter.
   231 | D        | Reached ** piety under Makhleb
   233 | D        | Reached skill level 1 in Dodging
   233 | D        | Reached skill level 5 in Evocations
   233 | D        | Reached XP level 6. HP: 45/63 MP: 6/6
   249 | D        | Entered arena 5.
   249 | D        | Found the necklace of Bloodlust {*Rage +Rage Will++ Int-3
                  | Slay+6}
   249 | D        | Noticed a merfolk
   249 | D        | Noticed a merfolk
   249 | D        | Noticed a merfolk
   249 | D        | Noticed a merfolk
   249 | D        | Found a transporter.
   256 | D        | Killed a merfolk
   256 | D        | Reached *** piety under Makhleb
   256 | D        | Killed a merfolk
   256 | D        | Killed a merfolk
   257 | D        | Reached skill level 5 in Dodging
   257 | D        | Reached skill level 7 in Evocations
   257 | D        | Reached XP level 7. HP: 68/74 MP: 7/7
   260 | D        | Killed a merfolk
   261 | D        | Reached skill level 8 in Evocations
   261 | D        | Reached XP level 8. HP: 81/81 MP: 8/8
   281 | D        | Entered arena 6.
   281 | D        | Noticed a jumping spider
   281 | D        | Found a transporter.
   282 | D        | Reached **** piety under Makhleb
   286 | D        | Reached skill level 10 in Shields
   286 | D        | Killed a jumping spider
   287 | D        | Reached skill level 9 in Evocations
   299 | D        | Entered arena 7.
   299 | D        | Found the +8 longbow "Zephyr" {speed, Dex+3 SInv}
   299 | D        | Noticed a spriggan rider
   302 | D        | Reached ***** piety under Makhleb
   304 | D        | Gained mutation: You passively map the area around you.
                  | [Deep Dwarf growth]
   304 | D        | Reached XP level 9. HP: 87/91 MP: 9/9
   308 | D        | Reached skill level 10 in Armour
   308 | D        | Found a transporter.
   313 | D        | Reached skill level 10 in Evocations
   327 | D        | Entered arena 8.
   327 | D        | Noticed a cane toad
   327 | D        | Noticed a cane toad
   329 | D        | Reached ****** piety under Makhleb
   331 | D        | Killed a cane toad
   332 | D        | Reached skill level 10 in Long Blades
   333 | D        | Killed a cane toad
   334 | D        | Reached skill level 11 in Evocations
   334 | D        | Found a transporter.
   346 | D        | Entered arena 9.
   346 | D        | Noticed a cyan ugly thing
   346 | D        | Noticed a purple ugly thing
   348 | D        | Noticed a cane toad
   348 | D        | a spriggan changed into a cane toad
   351 | D        | a cane toad changed into a yak
   360 | D        | Killed a cyan ugly thing
   360 | D        | Gained mutation: You are dopey. (Int -2) [a neqoxec]
   361 | D        | Reached XP level 10. HP: 102/102 MP: 9/12
   363 | D        | Reached skill level 10 in Fighting
   363 | D        | Killed a cyan ugly thing
   364 | D        | Found a transporter.
   373 | D        | Entered arena 10.
   373 | D        | Noticed a spriggan rider
   373 | D        | Noticed a spriggan rider
   382 | D        | Reached skill level 5 in Invocations
   382 | D        | Reached skill level 12 in Evocations
   384 | D        | Reached skill level 10 in Dodging
   385 | D        | Found a transporter.
   391 | D        | Got the Incunabulum of Venomous Execration
   394 | D        | Acquired a +1 pair of boots of flying
   415 | D        | Entered arena 11.
   415 | D        | Noticed a shining eye
   415 | D        | Noticed a white ugly thing
   415 | D        | Noticed a shining eye
   415 | D        | Noticed a green ugly thing
   416 | D        | Gained mutation: You occasionally shout uncontrollably at
                  | your foes. [a shining eye]
   418 | D        | Gained mutation: You are somewhat resistant to further
                  | mutation. [a neqoxec]
   419 | D        | Killed a white ugly thing
   420 | D        | Killed a shining eye
   421 | D        | Killed a shining eye
   421 | D        | Killed a white ugly thing
   422 | D        | Reached skill level 13 in Evocations
   422 | D        | Reached XP level 11. HP: 111/111 MP: 14/16
   422 | D        | Found a transporter.
   429 | D        | Got the Tome of the Escort and Stolen Souls
   447 | D        | Entered arena 12.
   447 | D        | Noticed a reaper
   447 | D        | Noticed a reaper
   447 | D        | Noticed a skeletal warrior
   459 | D        | Killed a reaper
   461 | D        | Killed a reaper
   462 | D        | Found a transporter.
   463 | D        | Killed a skeletal warrior
   464 | D        | Reached skill level 14 in Evocations
   487 | D        | Entered arena 13.
   487 | D        | Found the +3 pair of gauntlets of War {Slay+5}
   487 | D        | Noticed a vault guard
   487 | D        | Noticed a vault guard
   487 | D        | Noticed a vault guard
   487 | D        | Noticed a stone giant
   487 | D        | Noticed a vault guard
   487 | D        | Noticed a vault guard
   487 | D        | Noticed a vault guard
   487 | D        | Noticed a vault guard
   487 | D        | Noticed a vault guard
   488 | D        | Identified the +2 scale mail of Somewhere Else {SInv}
   488 | D        | Noticed a vault guard
   493 | D        | Noticed a vault guard
   497 | D        | Killed a vault guard
   497 | D        | Killed a vault guard
   497 | D        | Killed a vault guard
   498 | D        | Reached skill level 10 in Invocations
   499 | D        | Killed a vault guard
   502 | D        | Killed a vault guard
   502 | D        | Killed a vault guard
   502 | D        | Killed a stone giant
   502 | D        | Killed a vault guard
   503 | D        | Reached skill level 15 in Evocations
   503 | D        | Reached XP level 12. HP: 122/122 MP: 18/20
   503 | D        | Killed a vault guard
   504 | D        | Killed a vault guard
   508 | D        | Killed a vault guard
   516 | D        | Found a transporter.
   527 | D        | Got the +5 kite shield "Hivudoh" {Dex+7}
   567 | D        | Entered arena 14.
   571 | D        | Noticed a reaper
   572 | D        | Noticed a hell hog
   573 | D        | Found a transporter.
   594 | D        | Killed a hell hog
   604 | D        | Killed a reaper
   631 | D        | Entered arena 15.
   632 | D        | Found the +10 morningstar "Eos" {elec, Halo rElec}
   632 | D        | Noticed a boulder beetle
   633 | D        | Noticed an entropy weaver
   634 | D        | Noticed an emperor scorpion
   638 | D        | Reached skill level 16 in Evocations
   638 | D        | Killed a boulder beetle
   641 | D        | Reached skill level 15 in Shields
   645 | D        | Killed an entropy weaver
   646 | D        | Killed a ghost moth
   647 | D        | Reached XP level 13. HP: 100/133 MP: 0/23
   649 | D        | Killed an emperor scorpion
   650 | D        | Reached skill level 15 in Armour
   652 | D        | Found a transporter.
   661 | D        | Got the ring "Watuib" {MP+9 Str+4 Dex+6}
   669 | D        | Got the Compendium of Doomed Glamour
   817 | D        | Entered arena 16.
   822 | D        | Noticed a reaper
   822 | D        | Noticed a reaper
   823 | D        | Found a transporter.
   834 | D        | Killed a reaper
   837 | D        | Reached skill level 17 in Evocations
   849 | D        | Killed a reaper
   862 | D        | Got the ring "Dushiywn" {Int+5 Dex+6}
   869 | D        | Got the ring of the Endless Expanse {Fly rElec Will+ Int-3
                  | Dex+4}
   888 | D        | Entered arena 17.
   894 | D        | Noticed an entropy weaver
   895 | D        | Noticed an entropy weaver
   897 | D        | Noticed an entropy weaver
   906 | D        | Killed an entropy weaver
   907 | D        | Killed an entropy weaver
   908 | D        | Reached skill level 15 in Long Blades
   909 | D        | Killed an entropy weaver
   910 | D        | Reached skill level 15 in Dodging
   910 | D        | Reached skill level 15 in Invocations
  1020 | D        | Found a transporter.
  1046 | D        | Entered arena 18.
  1054 | D        | Noticed Donald
  1054 | D        | Noticed Prince Ribbit
  1054 | D        | Noticed Sonja
  1054 | D        | Noticed Blork the orc
  1054 | D        | Noticed Psyche
  1054 | D        | Noticed Erolcha
  1054 | D        | Noticed Purgy
  1054 | D        | Noticed Nikola
  1055 | D        | Noticed Menkaure
  1056 | D        | Identified the +8 flail of Tartarus {speed, +Rage rF+}
  1056 | D        | Noticed Jessica
  1058 | D        | Noticed Grum
  1058 | D        | Killed Sonja
  1058 | D        | Noticed Rupert
  1059 | D        | Reached skill level 18 in Evocations
  1060 | D        | Killed Prince Ribbit
  1060 | D        | Killed Purgy
  1063 | D        | Killed Blork the orc
  1063 | D        | Killed Jessica
  1064 | D        | Noticed Duvessa
  1064 | D        | Noticed Ijyb
  1065 | D        | Killed Donald
  1065 | D        | Identified the amulet "Ommie" {RegenMP Harm rC+ Dex+2}
  1065 | D        | Noticed Harold
  1065 | D        | Killed Menkaure
  1065 | D        | Killed Erolcha
  1065 | D        | Killed Grum
  1065 | D        | Killed Duvessa
  1066 | D        | Found a transporter.
  1066 | D        | Killed from afar by Nikola

Illustrated notes

Levels and vault maps discovered:
D:        sprint_v [room_start, room_1, room_2, room_3, room_4, room_5, room_6,
          room_7, room_8, room_9, room_10, room_11, room_12, room_13, room_14,
          room_15, room_16, room_17, room_18, room_19, room_20, room_21,
          room_22, room_23, room_24, room_25, room_26, room_27]

Skill      XL: |  1  2  3  4  5  6  7  8  9 10 11 12 13 |
---------------+----------------------------------------+-----
Fighting       | 4 6 8 9 11 12 13 14 | 14.3
Long Blades    | 4 6 8 9 10 11 13 14 15 | 15.3
Shields        | 5 7 8 9 10 11 12 14 15 | 15.0
Evocations     | 4 5 7 8 9 11 13 15 16 18 | 18.1
Armour         | 6 8 9 11 12 13 14 16 | 16.2
Dodging        | 1 5 6 7 9 10 12 13 15 | 15.2
Invocations    | 3 7 11 13 15 | 15.4

Action                   |  1- 3 |  4- 6 |  7- 9 | 10-12 | 13-15 || total
-------------------------+-------+-------+-------+-------+-------++-------
Melee: Double sword      |     7 |     4 |    23 |    51 |    34 ||   119
Invok: Greater Servant o |       |       |       |     1 |     2 ||     3
       Major Destruction |       |       |       |       |     9 ||     9
Evoke: Lightning rod     |     2 |     6 |    13 |    22 |     5 ||    48
       Wand              |       |     1 |       |       |       ||     1
       Condenser vane    |       |       |       |     2 |     1 ||     3
  Use: Potion            |     1 |     2 |       |     7 |       ||    10
       Scroll            |       |       |       |     2 |       ||     2
Armor: Gold dragon scale |    12 |     3 |    19 |    78 |    24 ||   136
Dodge: Dodged            |     5 |     2 |    13 |    34 |    13 ||    67
Block: Buckler           |       |    10 |    10 |    17 |       ||    37
       Kite shield       |       |       |       |    90 |    76 ||   166

Table legend: (Time is in decaauts)
 A = Elapsed time spent in this place.
 B = Non-inter-level travel time spent in this place.
 C = Inter-level travel time spent in this place.
 D = Time resting spent in this place.
 E = Time spent auto-exploring this place.
 F = Levels seen in this place.
 G = Mean time per level.
                   A        B        C        D        E       F      G
               +--------+--------+--------+--------+--------+-----+--------+
         Total |   1054 |   1054 |      0 |    323 |      0 |   1 | 1054.0 |
       Dungeon |   1054 |   1054 |      0 |    323 |      0 |   1 | 1054.0 |
               +--------+--------+--------+--------+--------+-----+--------+

Top non-repeatable levels by time:
       D: 1054 daAuts
